NWL (28 & UNDER)
CASPER GHOSTS @ BISMARCK BARONS
05/02/2028
 
TOP OF THE 1ST
Casper Ghosts batting - Pitching for Bismarck Barons : RHP César Sánchez
Pitching: RHP César Sánchez
Batting: RHB Aurelio Cruz 0-0: Ball
1-0: Called Strike
1-1: Fly out, F9 (Flyball, 9)
Batting: SHB Dave Henley 0-0: Called Strike
0-1: Ball
1-1: Foul Ball, location: 2F
1-2: Foul Ball, location: 2F
1-2: Foul Ball, location: 2F
1-2: Fly out, F9 (Flyball, 9S)
Batting: RHB Júlio Sánchez 0-0: Ball
1-0: Ground out 5-3 (Groundball, 56)
Top of the 1st over - 0 run(s), 0 hit(s), 0 error(s), 0 left on base; Casper 0 - Bismarck 0
BOTTOM OF THE 1ST
Bismarck Barons batting - Pitching for Casper Ghosts : LHP Ron Huggins
Pitching: LHP Ron Huggins
Batting: SHB Álex Hernández 0-0: Ball
1-0: Ball
2-0: Called Strike
2-1: Called Strike
2-2: Ball
3-2: Ground out 6-3 (Groundball, 6)
Batting: RHB Dennis Garner 0-0: Ball
1-0: Foul Ball, location: 2F
1-1: DOUBLE (Line Drive, 78D)
Batting: RHB Seiji Kouno 0-0: Ball
1-0: Called Strike
1-1: SINGLE (Line Drive, 34)
Dennis Garner to third
Batting: RHB Fernando Castellanos 0-0: Called Strike
0-1: Ball
1-1: Foul Ball, location: 2F
1-2: Strikes out swinging
Batting: LHB Johnny Foley 0-0: SINGLE (Line Drive, 9S)
Dennis Garner scores
Seiji Kouno to second
Throwing error, E9
Seiji Kouno scores
Johnny Foley to second
Batting: LHB José Martínez 0-0: Foul Ball, location: 2F
0-1: Ball
1-1: Foul Ball, location: 2F
1-2: Ball
2-2: Ball
3-2: Ground out 5-3 (Groundball, 56)
Bottom of the 1st over - 2 run(s), 3 hit(s), 1 error(s), 1 left on base; Casper 0 - Bismarck 2
TOP OF THE 2ND
Casper Ghosts batting - Pitching for Bismarck Barons : RHP César Sánchez
Batting: LHB Ralph Cobb 0-0: Ball
1-0: Called Strike
1-1: Fly out, F7 (Flyball, 7)
Batting: RHB Juan García 0-0: Called Strike
0-1: Foul Ball, location: 2F
0-2: Ball
1-2: Fly out, F4 (Popup, 34D)
Batting: RHB Hunter Plunket 0-0: Called Strike
0-1: Foul Ball, location: 2F
0-2: Strikes out swinging
Top of the 2nd over - 0 run(s), 0 hit(s), 0 error(s), 0 left on base; Casper 0 - Bismarck 2
BOTTOM OF THE 2ND
Bismarck Barons batting - Pitching for Casper Ghosts : LHP Ron Huggins
Batting: RHB Jon Krohne 0-0: Ball
1-0: DOUBLE (Flyball, 78XD)
Batting: LHB Jorge Fernández 0-0: Ball
1-0: Foul Ball, location: 2F
1-1: Swinging Strike
1-2: Ball
2-2: Foul Ball, location: 2F
2-2: Foul Ball, location: 2F
2-2: Foul Ball, location: 2F
2-2: Ball
3-2: 2-RUN HOME RUN (Flyball, 9D), Distance : 347 ft
Batting: RHB Pancho Torres 0-0: Called Strike
0-1: SINGLE (Groundball, 34S) (infield hit)
Batting: SHB Álex Hernández 0-0: Fielders Choice at 2nd, 4-6 (Groundball, 4)
Batting: RHB Dennis Garner 0-0: Called Strike
0-1: Ball
1-1: Called Strike
1-2: Strikes out swinging
Batting: RHB Seiji Kouno 0-0: Ball
1-0: Fielders Choice at 2nd, 6-4 (Groundball, 6)
Bottom of the 2nd over - 2 run(s), 3 hit(s), 0 error(s), 0 left on base; Casper 0 - Bismarck 4
TOP OF THE 3RD
Casper Ghosts batting - Pitching for Bismarck Barons : RHP César Sánchez
Batting: RHB Mark Arnold 0-0: Fly out, F8 (Flyball, 8RS)
Batting: SHB José González 0-0: Ball
1-0: Ball
2-0: Ball
3-0: Called Strike
3-1: Called Strike
3-2: Ground out 4-3 (Groundball, 4)
Batting: RHB Peter Bryant 0-0: Foul Ball, location: 2F
0-1: Foul Ball, location: 2F
0-2: Strikes out looking
Top of the 3rd over - 0 run(s), 0 hit(s), 0 error(s), 0 left on base; Casper 0 - Bismarck 4
BOTTOM OF THE 3RD
Bismarck Barons batting - Pitching for Casper Ghosts : LHP Ron Huggins
Batting: RHB Fernando Castellanos 0-0: Ball
1-0: Ball
2-0: Called Strike
2-1: Foul Ball, location: 2F
2-2: DOUBLE (Line Drive, 9LM)
Batting: LHB Johnny Foley 0-0: Called Strike
0-1: Ball
1-1: Called Strike
1-2: Strikes out swinging
Batting: LHB José Martínez 0-0: Ball
1-0: Foul Ball, location: 2F
1-1: Ball
2-1: Foul Ball, location: 2F
2-2: Ball
3-2: SINGLE (Line Drive, 89S)
Fernando Castellanos to third
Batting: RHB Jon Krohne 0-0: Ball
1-0: Fly out, F7 (Flyball, 78S)
Batting: LHB Jorge Fernández 0-0: Ball
1-0: DOUBLE (Line Drive, 9LM)
Fernando Castellanos scores
José Martínez to third
Runner from 3rd tries for Home, throw and OUT!
Bottom of the 3rd over - 1 run(s), 3 hit(s), 0 error(s), 1 left on base; Casper 0 - Bismarck 5
TOP OF THE 4TH
Casper Ghosts batting - Pitching for Bismarck Barons : RHP César Sánchez
Batting: RHB Aurelio Cruz 0-0: Called Strike
0-1: Ground out U3 (Groundball, 3)
Batting: SHB Dave Henley 0-0: Called Strike
0-1: Ball
1-1: Foul Ball, location: 2F
1-2: Ball
2-2: Fly out, F7 (Flyball, 78M)
Batting: RHB Júlio Sánchez 0-0: Foul Ball, location: 2F
0-1: Called Strike
0-2: Foul Ball, location: 2F
0-2: Ball
1-2: Ground out 4-3 (Groundball, 4)
Top of the 4th over - 0 run(s), 0 hit(s), 0 error(s), 0 left on base; Casper 0 - Bismarck 5
BOTTOM OF THE 4TH
Bismarck Barons batting - Pitching for Casper Ghosts : LHP Ron Huggins
Batting: RHB Pancho Torres 0-0: Ball
1-0: Ball
2-0: Called Strike
2-1: SINGLE (Groundball, 56D)
Batting: SHB Álex Hernández 0-0: Ball
1-0: Ball
2-0: Called Strike
2-1: Grounds into double play, 6-4-3 (Groundball, 6)
Batting: RHB Dennis Garner 0-0: Swinging Strike
0-1: Ball
1-1: Ground out 5-3 (Groundball, 56)
Bottom of the 4th over - 0 run(s), 1 hit(s), 0 error(s), 0 left on base; Casper 0 - Bismarck 5
TOP OF THE 5TH
Casper Ghosts batting - Pitching for Bismarck Barons : RHP César Sánchez
Batting: LHB Ralph Cobb 0-0: Ball
1-0: Ball
2-0: Ball
3-0: Base on Balls
Batting: RHB Juan García 0-0: Ball
1-0: Grounds into double play, 1-6-3 (Groundball, 13S)
Batting: RHB Hunter Plunket 0-0: Ball
1-0: Called Strike
1-1: DOUBLE (Line Drive, 89M)
Batting: RHB Mark Arnold 0-0: Called Strike
0-1: Swinging Strike
0-2: Strikes out looking
Top of the 5th over - 0 run(s), 1 hit(s), 0 error(s), 1 left on base; Casper 0 - Bismarck 5
BOTTOM OF THE 5TH
Bismarck Barons batting - Pitching for Casper Ghosts : LHP Ron Huggins
Pitching: RHP Ray Adams
Batting: RHB Seiji Kouno 0-0: Ball
1-0: Called Strike
1-1: Ball
2-1: Foul Ball, location: 2F
2-2: Foul Ball, location: 2F
2-2: Foul Ball, location: 2F
2-2: Fly out, F5 (Popup, 56)
Batting: RHB Fernando Castellanos 0-0: Called Strike
0-1: Ground out 6-3 (Groundball, 6)
Batting: LHB Johnny Foley 0-0: Ball
1-0: Ball
2-0: Foul Ball, location: 2F
2-1: Foul Ball, location: 2F
2-2: Ball
3-2: Base on Balls
Batting: LHB José Martínez 0-0: Ball
1-0: Ball
2-0: Foul Ball, location: 2F
2-1: Called Strike
2-2: Foul Ball, location: 2F
2-2: Strikes out looking
Bottom of the 5th over - 0 run(s), 0 hit(s), 0 error(s), 1 left on base; Casper 0 - Bismarck 5
TOP OF THE 6TH
Casper Ghosts batting - Pitching for Bismarck Barons : RHP César Sánchez
Batting: SHB José González 0-0: Swinging Strike
0-1: Ground out U3 (Groundball, 34)
Batting: RHB Peter Bryant 0-0: Ball
1-0: Called Strike
1-1: Fly out, F4 (Line Drive, 4)
Batting: RHB Aurelio Cruz 0-0: Foul Ball, location: 2F
0-1: Foul Ball, location: 2F
0-2: SINGLE (Line Drive, 6MD)
Batting: SHB Dave Henley 0-0: Ball
1-0: SINGLE (Flyball, 78S)
Aurelio Cruz to second
Runner from 2nd tries for 3rd, SAFE, no throw
Batting: RHB Júlio Sánchez 0-0: Ball
1-0: Called Strike
1-1: Foul Ball, location: 2F
1-2: Ball
2-2: Ball
3-2: Base on Balls
Dave Henley to second
Batting: LHB Ralph Cobb 0-0: Ball
1-0: Called Strike
1-1: Ball
2-1: SINGLE (Line Drive, 7S)
Aurelio Cruz scores
Dave Henley to third
Júlio Sánchez to second
Runner from 3rd tries for Home, SAFE, no throw
Batting: RHB Juan García 0-0: Ball
1-0: Ball
2-0: Foul Ball, location: 2F
2-1: Foul Ball, location: 2F
2-2: Fielders Choice at 2nd, 6-4 (Groundball, 56)
Top of the 6th over - 2 run(s), 3 hit(s), 0 error(s), 1 left on base; Casper 2 - Bismarck 5
BOTTOM OF THE 6TH
Bismarck Barons batting - Pitching for Casper Ghosts : RHP Ray Adams
Batting: RHB Jon Krohne 0-0: Ball
1-0: Ball
2-0: Called Strike
2-1: Ball
3-1: Foul Ball, location: 2F
3-2: Foul Ball, location: 2F
3-2: Base on Balls
Batting: LHB Jorge Fernández 0-0: Called Strike
0-1: Ball
1-1: Fielders Choice at 2nd, 4-6 (Groundball, 4)
Batting: RHB Pancho Torres 0-0: Called Strike
0-1: Ball
1-1: Ball
2-1: Ball
3-1: Foul Ball, location: 2F
3-2: Base on Balls
Jorge Fernández to second
Batting: SHB Álex Hernández 0-0: Called Strike
Jorge Fernández is caught stealing 3rd base
Pancho Torres to second
0-1: Ball
1-1: SINGLE (Groundball, 34S) (infield hit)
Pancho Torres to third
Batting: RHB Dennis Garner 0-0: Ball
1-0: Ball
2-0: Called Strike
2-1: Fielders Choice at 2nd, 5-4 (Groundball, 56)
Bottom of the 6th over - 0 run(s), 1 hit(s), 0 error(s), 1 left on base; Casper 2 - Bismarck 5
TOP OF THE 7TH
Casper Ghosts batting - Pitching for Bismarck Barons : RHP César Sánchez
Batting: RHB Hunter Plunket 0-0: Foul Ball, location: 2F
0-1: Ball
1-1: Called Strike
1-2: Ball
2-2: Ball
3-2: Strikes out looking
Batting: RHB Mark Arnold 0-0: Ball
1-0: Called Strike
1-1: Called Strike
1-2: Ball
2-2: Ball
3-2: Base on Balls
Pitching: RHP Armando Torres
Batting: SHB José González 0-0: SINGLE (Flyball, 8LS)
Mark Arnold to second
Batting: RHB Peter Bryant 0-0: Ball
1-0: Ball
2-0: Called Strike
2-1: Ball
3-1: Called Strike
3-2: Foul Ball, location: 2F
3-2: Strikes out swinging
Batting: RHB Aurelio Cruz 0-0: Ball
1-0: Fielders Choice at 2nd, 6-4 (Groundball, 6)
Top of the 7th over - 0 run(s), 1 hit(s), 0 error(s), 1 left on base; Casper 2 - Bismarck 5
BOTTOM OF THE 7TH
Bismarck Barons batting - Pitching for Casper Ghosts : RHP Ray Adams
Batting: RHB Seiji Kouno 0-0: Foul Ball, location: 2F
0-1: Ball
1-1: Fly out, F7 (Flyball, 7)
Batting: RHB Fernando Castellanos 0-0: Ball
1-0: Ball
2-0: Called Strike
2-1: Foul Ball, location: 2F
2-2: Fly out, F4 (Popup, 34)
Batting: LHB Johnny Foley 0-0: Ball
1-0: Called Strike
1-1: Swinging Strike
1-2: Hit by Pitch
Batting: LHB José Martínez 0-0: Ball
1-0: Swinging Strike
1-1: Foul Ball, location: 2F
1-2: Ball
2-2: Foul Ball, location: 2F
2-2: DOUBLE (Line Drive, 9LS)
Johnny Foley to third
Batting: RHB Jon Krohne 0-0: Ball
1-0: Called Strike
1-1: Ball
2-1: Foul Ball, location: 2F
2-2: Foul Ball, location: 2F
2-2: Foul Ball, location: 2F
2-2: Ball
3-2: Base on Balls
Pitching: LHP Manuel Perea
Pinch Hitting: RHB Mark Roy 0-0: Called Strike
0-1: Ball
1-1: Ball
2-1: Ball
3-1: Base on Balls
Johnny Foley scores
José Martínez to third
Jon Krohne to second
Pitching: RHP Christian Adkins
Batting: RHB Pancho Torres 0-0: Reached on error, E3 (Groundball, 34)
José Martínez scores
Jon Krohne to third
Mark Roy to second
Batting: SHB Álex Hernández 0-0: Ball
1-0: Called Strike
1-1: Ball
2-1: SINGLE (Line Drive, 6)
Jon Krohne scores
Mark Roy to third
Pancho Torres to second
Runner from 3rd tries for Home, SAFE, no throw
Batting: RHB Dennis Garner 0-0: Foul Ball, location: 2F
0-1: Foul Ball, location: 2F
0-2: Foul Ball, location: 2F
0-2: Foul Ball, location: 2F
0-2: Ball
1-2: Strikes out swinging
Bottom of the 7th over - 4 run(s), 2 hit(s), 1 error(s), 2 left on base; Casper 2 - Bismarck 9
TOP OF THE 8TH
Casper Ghosts batting - Pitching for Bismarck Barons : RHP Armando Torres
Now in LF: Jesús Bueno
Now in CF: Manny Salazar
Batting: SHB Dave Henley 0-0: Called Strike
0-1: Ball
1-1: Called Strike
1-2: Strikes out looking
Batting: RHB Júlio Sánchez 0-0: Foul Ball, location: 2F
0-1: Ball
1-1: SINGLE (Groundball, 56D)
Batting: LHB Ralph Cobb 0-0: Ball
1-0: Fly out, F7 (Flyball, 7S)
Batting: RHB Juan García 0-0: Called Strike
0-1: Ball
1-1: Called Strike
1-2: Ball
2-2: Strikes out swinging
Top of the 8th over - 0 run(s), 1 hit(s), 0 error(s), 1 left on base; Casper 2 - Bismarck 9
BOTTOM OF THE 8TH
Bismarck Barons batting - Pitching for Casper Ghosts : RHP Christian Adkins
Batting: RHB Seiji Kouno 0-0: Ball
1-0: Ground out 5-3 (Groundball, 56)
Pinch Hitting: LHB Ralph Jackson 0-0: Ball
1-0: Called Strike
1-1: Foul Ball, location: 2F
1-2: Fly out, F8 (Flyball, 8LM)
Batting: LHB Johnny Foley 0-0: Ball
1-0: Ground out 5-3 (Groundball, 56S)
Bottom of the 8th over - 0 run(s), 0 hit(s), 0 error(s), 0 left on base; Casper 2 - Bismarck 9
TOP OF THE 9TH
Casper Ghosts batting - Pitching for Bismarck Barons : RHP Armando Torres
Now at 1B: Jeff Chambers
Batting: RHB Hunter Plunket 0-0: Foul Ball, location: 2F
0-1: Fly out, F9 (Flyball, 89M)
Batting: RHB Mark Arnold 0-0: Ball
1-0: Foul Ball, location: 2F
1-1: Called Strike
1-2: Foul Ball, location: 2F
1-2: Strikes out swinging
Batting: SHB José González 0-0: Foul Ball, location: 2F
0-1: Ball
1-1: Fly out, F6 (Line Drive, 6)
Top of the 9th over - 0 run(s), 0 hit(s), 0 error(s), 0 left on base; Casper 2 - Bismarck 9
Tuesday, August 8th, 2017 - OOTP Baseball 17.12 Build 75